 Dungeon Crawl Stone Soup version 0.20.1-1-g8b1a95d (webtiles) character file.

1271 Softman25 the Skirmisher (level 8, 0/60 HPs)
             Began as a Demonspawn Gladiator on Sept 22, 2017.
             Was an Initiate of Ashenzari.
             Succumbed to goofnerd's ghost's poison
             ... on level 6 of the Dungeon.
             The game lasted 00:14:08 (5208 turns).

Softman25 the Skirmisher (Demonspawn Gladiator)     Turns: 5208, Time: 00:14:09

Health: 0/60       AC:  5    Str: 14 (15) XL:     8   Next: 28%
Magic:  2/7        EV: 13    Int:  8 (10) God:    Ashenzari [......]
Gold:   237        SH:  0    Dex: 15 (16) Spells: 7/7 levels left

rFire    . . .     SeeInvis .   x - +3 trident
rCold    + . .     Gourm    .   (no shield)
rNeg     . . .     Faith    .   b - +2 leather armour
rPois    .         Spirit   +   (helmet restricted)
rElec    .         Reflect  .   (no cloak)
rCorr    .         Harm     .   (no gloves)
MR       .....                  (no boots)
Stlth    +.........             r - amulet of regeneration (curse)
Regen    0.6/turn               t - ring of flight
MPRegen  0.1/turn               (no ring)

@: lethally poisoned (0 -> -2)
A: antennae 2, cold resistance 1, frail 1, low mp 1, powered by death 1, magic
shield, no potion heal 1, sturdy frame 1
a: Curse Item, Renounce Religion, Evoke Flight


You were on level 6 of the Dungeon.
You worshipped Ashenzari.
Ashenzari was noncommittal.
You were hungry.

You visited 2 branches of the dungeon, and saw 7 of its levels.

You collected 237 gold pieces.

Inventory:

Hand Weapons
 l - a +0 hunting sling of flaming
 x - a +3 trident (weapon)
Missiles
 d - 3 throwing nets (quivered)
 w - 66 stones
Armour
 b - a +2 leather armour (worn)
Jewellery
 r - a cursed amulet of regeneration (around neck)
 t - a ring of flight (left hand)
Wands
 y - a wand of paralysis (13/24)
Scrolls
 c - 2 scrolls of blinking
 i - a scroll of fog
 j - 2 scrolls of magic mapping
 o - 2 scrolls of identify {@r1}
Potions
 e - 3 potions of brilliance
 n - a potion of lignification {unknown}
 q - a potion of ambrosia {unknown}
 s - a potion of haste {unknown}
Books
 v - a book of Conjurations

   Spells                             Type                      Level
   a - Magic Dart                     Conjuration                  1
   b - Searing Ray                    Conjuration                  2
   c - Dazzling Spray                 Conjuration/Hexes            3
   d - Fulminant Prism                Conjuration/Hexes            4
   e - Force Lance                    Conjuration/Translocation    4
   f - Iskenderun's Mystic Blast      Conjuration                  4
Comestibles
 a - 6 chunks of flesh
 f - 5 bread rations
 g - 4 meat rations
 k - 3 royal jellies
 p - 2 fruits


   Skills:
 + Level 7.3 Fighting
 + Level 7.1 Polearms
 - Level 1.7 Throwing
 - Level 2.6 Dodging


You had 7 spell levels left.
You didn't know any spells.

Dungeon Overview and Level Annotations

Branches:
Dungeon (6/15)             Temple (1/1) D:4

Altars:
Ashenzari
Cheibriados
Elyvilon
Gozag
Makhleb
Nemelex Xobeh
Okawaru
Ru
Sif Muna
Trog
Uskayaw
Vehumet
Yredelemnul
The Shining One

Annotations:
D:6 goofnerd's ghost, novice MiMo


Innate Abilities, Weirdness & Mutations

You have a pair of antennae on your head.
You regenerate a little health from kills.
When hurt, damage is shared between your health and your magic reserves.
Your movements are slightly less encumbered by armour. (ER -2)
Your flesh is cold resistant. (rC+)
You are frail. (-10% HP)
Your magical capacity is low. (-10% MP)
Potions are less effective at restoring your health.


Message History

You feel sick.
Found 7 stones.
You feel sick.
An orc comes into view. It is wielding a flail.
You feel sick.
You feel sick.
You feel sick.
You feel sick. Goofnerd's ghost hits you!
* * * LOW HITPOINT WARNING * * *
You are lethally poisoned!
* * * LOW HITPOINT WARNING * * *
You feel sick. Something hits you but does no damage.
* * * LOW HITPOINT WARNING * * *
You feel sick.
It was a potion of degeneration.
There was something very wrong with that liquid.
You feel weakened.
You feel dopey.
You feel clumsy.
You feel a little less mighty now.
You die...

#.####......# ####.....(#.
.....#......##### #.........
.....#..........######......#..
.....................)).........
.....#......#####...........##..
.................................
.....######....W...{........###..
...#...........{####........###.#
#..#....#######.@###..o..##......
#...............|....o...........
#.#.....########..##.###.o.###..#
#.#..)....## ....... ###.......
#.#=...##รท.# (##....## ####..##
.......).#.####.#..##... #..###
#)##...#...#......## #. #{#...
#.##...###...<....# #.####{..##
#.###### #..####...# #...{..###


You could see goofnerd's ghost and an orc.

Vanquished Creatures
  The ghost of Softman25 the Firebug, an amateur DrFE of Vehumet (D:5)
  A sky beast (D:5)
  A necrophage (D:5)
  A phantom (D:5)
  2 bullfrogs (D:6)
  A scorpion (D:6)
  A howler monkey (D:4)
  2 crimson imps
  An orc priest (D:6)
  A centaur zombie (D:5)
  A bullfrog zombie (D:6)
  6 orc wizards
  2 worker ants
  A hound zombie (D:6)
  3 gnolls (D:5)
  7 adders
  2 oozes
  5 dart slugs
  6 leopard geckos
  23 orcs
  3 bats
  6 giant cockroaches
  6 hobgoblins
  10 jackals
  15 kobolds
  2 quokkas (D:2)
  A ball python (D:3)
  5 frilled lizards
  5 goblins
  3 rats
124 creatures vanquished.

Vanquished Creatures (others)
  An orc wizard (D:4)
1 creature vanquished.

Grand Total: 125 creatures vanquished

Notes
Turn   | Place    | Note
-------+----------+-------------------------------------------
     0 | D:1      | Softman25 the Demonspawn Gladiator began the quest for the Orb.
     0 | D:1      | Reached XP level 1. HP: 16/16 MP: 1/1
    80 | D:1      | Gained mutation: When hurt, damage is shared between your health and your magic reserves. [demonic ancestry]
    80 | D:1      | Reached XP level 2. HP: 14/23 MP: 2/2
   619 | D:1      | Gained mutation: You regenerate a little health from kills. [demonic ancestry]
   619 | D:1      | Reached XP level 3. HP: 28/28 MP: 3/3
   982 | D:2      | Found an iron altar of Okawaru.
  1795 | D:2      | Reached XP level 4. HP: 33/35 MP: 4/4
  2346 | D:3      | Gained mutation: You have a pair of small antennae on your head. [demonic ancestry]
  2346 | D:3      | Reached XP level 5. HP: 42/42 MP: 5/5
  2863 | D:4      | Found a staircase to the Ecumenical Temple.
  2872 | Temple   | Entered the Ecumenical Temple
  3185 | Temple   | Became a worshipper of Ashenzari the Shackled
  3341 | D:4      | Gained mutation: You have a pair of antennae on your head. [demonic ancestry]
  3341 | D:4      | Reached XP level 6. HP: 37/49 MP: 3/6
  3788 | D:4      | Reached skill level 5 in Polearms
  3921 | D:5      | Entered Level 5 of the Dungeon
  3945 | D:5      | Reached skill level 5 in Fighting
  3989 | D:5      | Noticed Softman25's ghost (amateur DrFE)
  4013 | D:5      | Killed Softman25's ghost
  4013 | D:5      | Gained mutation: Your movements are slightly less encumbered by armour. (ER -2) [demonic ancestry]
  4013 | D:5      | Reached XP level 7. HP: 9/56 MP: 1/7
  4215 | D:5      | Noticed a hand axe
  4215 | D:5      | Noticed a dagger
  4222 | D:5      | Found a hide-covered altar of Uskayaw.
  4290 | D:5      | Found a burning altar of Makhleb.
  4499 | D:5      | Gained mutation: Your spells are a little harder to cast, but a little more powerful. [potion of mutation]
  4499 | D:5      | Gained mutation: You have sharp toenails. [potion of mutation]
  4499 | D:5      | Gained mutation: Potions are less effective at restoring your health. [potion of mutation]
  4499 | D:5      | Gained mutation: You passively map a small area around you. [potion of mutation]
  4500 | D:5      | Lost mutation: You have sharp toenails. [potion of mutation]
  4500 | D:5      | Lost mutation: Your spells are a little harder to cast, but a little more powerful. [potion of mutation]
  4500 | D:5      | Lost mutation: You passively map a small area around you. [potion of mutation]
  4500 | D:5      | Gained mutation: Your magical capacity is low. (-10% MP) [potion of mutation]
  4500 | D:5      | Gained mutation: You are frail. (-10% HP) [potion of mutation]
  4500 | D:5      | Gained mutation: Your flesh is cold resistant. (rC+) [potion of mutation]
  4830 | D:6      | Reached * piety under Ashenzari
  4879 | D:6      | Reached XP level 8. HP: 43/56 MP: 3/7
  5149 | D:6      | Noticed goofnerd's ghost (novice MiMo)
  5179 | D:6      | HP: 1/58 [goofnerd's ghost (7)]
  5205 | D:6      | HP: 3/60 [goofnerd's ghost (7)]
  5208 | D:6      | Succumbed to goofnerd's ghost's poison

Skill      XL: |  1  2  3  4  5  6  7  8 |
---------------+-------------------------+-----
Polearms       | 3 4 5 6 7 |  7.1
Fighting       | 3 4 5 6 7 |  7.3
Throwing       | |  1.7
Dodging        | |  2.6

Action                   |  1- 3 |  4- 6 |  7- 9 || total
-------------------------+-------+-------+-------++-------
Melee: Trident           |   141 |   240 |   207 ||   588
Throw: Throwing net      |     1 |       |       ||     1
Invok: Curse Item        |       |       |     1 ||     1
  Use: Scroll            |       |    13 |     3 ||    16
       Potion            |       |     2 |     5 ||     7
 Stab: Sleeping          |     1 |     3 |     2 ||     6
  Eat: Chunk             |     2 |     7 |     5 ||    14
Armor: Leather armour    |    28 |    46 |    43 ||   117
Dodge: Dodged            |    69 |    89 |   101 ||   259
